[Event "FIDE World Rapid-ch Open 2018"]
[White "Goganov, Aleksey"]
[Black "Demchenko, Anton"]
[Site "St. Petersburg"]
[Round "13.31"]
[Annotator "ChessBase"]
[Result "1/2-1/2"]
[Date "2018.12.28"]
[WhiteElo "2612"]
[BlackElo "2679"]
[PlyCount "86"]
[TimeControl "900+10"]

1. e4 c5 2. Nf3 Nc6 3. d4 cxd4 4. Nxd4 Nf6 5. Nc3 d6 6. Bg5 e6 7. Qd2 a6 8. 0-0-0 Be7 9. f4 Bd7 10. Kb1 b5 11. Nxc6 Bxc6 12. Qe1 Qc7 13. Bxf6 gxf6 14. Bd3 0-0-0 15. Rf1 Kb8 16. f5 Bb7 17. fxe6 fxe6 18. Ne2 d5 19. exd5 Rxd5 20. Nf4 Re5 21. Qg3 Rd8 22. Qh3 f5 23. Qxh7 Bg5 24. Qxc7+ Kxc7 25. g3 Re3 26. Rde1 Rxe1+ 27. Rxe1 Bxf4 28. gxf4 Kd6 29. Kc1 Rh8 30. Re2 Rh3 31. Rf2 Be4 32. Bf1 Rh4 33. c4 bxc4 34. Bxc4 a5 35. b3 Bd5 36. Bd3 Kc5 37. Kd2 Kd4 38. Bc2 Rh3 39. Bd1 Rd3+ 40. Ke2 Rh3 41. Kd2 Rd3+ 42. Ke2 Rh3 43. Kd2 Rd3+ 1/2-1/2

[Event "FIDE World Rapid-ch Open 2018"]
[White "Alekseev, Evgeny"]
[Black "Van Foreest, Jorden"]
[Site "St. Petersburg"]
[Round "13.32"]
[Annotator "ChessBase"]
[Result "1-0"]
[Date "2018.12.28"]
[WhiteElo "2639"]
[BlackElo "2614"]
[PlyCount "107"]
[TimeControl "900+10"]

1. e4 c6 2. d4 d5 3. exd5 cxd5 4. Nf3 Nc6 5. Ne5 e6 6. Bb5 Bd7 7. Nxd7 Qxd7 8. c3 Bd6 9. Nd2 Nge7 10. Nf3 0-0 11. 0-0 Qc7 12. g3 Rad8 13. Re1 e5 14. dxe5 Nxe5 15. Nxe5 Bxe5 16. Bd3 Nc6 17. Bg5 Rd6 18. Qg4 g6 19. Re2 d4 20. c4 Bf6 21. Bf4 Qd7 22. Bf5 Qd8 23. Bxd6 Qxd6 24. Bd3 Kg7 25. Qe4 Rd8 26. Rd1 Rd7 27. f4 Re7 28. Qd5 Qc7 29. Rxe7 Qxe7 30. Qe4 Qb4 31. Qe2 a5 32. Kg2 Qd6 33. a3 Nd8 34. Be4 Ne6 35. Bd5 Nc5 36. Qe8 Qc7 37. b4 axb4 38. axb4 Na6 39. Rb1 h5 40. c5 h4 41. Kf3 d3 42. Qe3 hxg3 43. hxg3 Qd7 44. Qxd3 Nc7 45. Rd1 Qh3 46. Bc4 Bh4 47. Qd4+ Bf6 48. Qd7 Qh5+ 49. Qg4 Qh2 50. Qd7 Qh5+ 51. Kg2 Ne6 52. Rf1 Bd4 53. Re1 g5 54. Bxe6 1-0

[Event "FIDE World Rapid-ch Open 2018"]
[White "Grigoriants, Sergey"]
[Black "Steinberg, Nitzan"]
[Site "St. Petersburg"]
[Round "13.33"]
[Annotator "ChessBase"]
[Result "1/2-1/2"]
[Date "2018.12.28"]
[WhiteElo "2540"]
[BlackElo "2532"]
[PlyCount "91"]
[TimeControl "900+10"]

1. c4 c6 2. Nf3 d5 3. e3 Nf6 4. Nc3 e6 5. d4 Nbd7 6. Qc2 Bd6 7. Bd3 dxc4 8. Bxc4 b5 9. Be2 Bb7 10. 0-0 Qc7 11. e4 e5 12. dxe5 Nxe5 13. Nd4 0-0 14. Nf5 Bc5 15. h3 Ng6 16. Bg5 Nd7 17. Rad1 Rfe8 18. b4 h6 19. Bc1 Bb6 20. Nxb5 cxb5 21. Qxc7 Bxc7 22. Rxd7 Rac8 23. Bxb5 Rxe4 24. a3 Re5 25. Nd6 Bxd6 26. Rxb7 Rd5 27. Ba4 Nf4 28. Bxf4 Bxf4 29. Bb3 Rd3 30. Bxf7+ Kf8 31. Bg6 Rd4 32. Rxa7 Rc6 33. Bh5 g6 34. Bf3 Rc2 35. Re1 Rdd2 36. Be4 Re2 37. Kf1 Rxf2+ 38. Kg1 Rfe2 39. Ra8+ Kg7 40. Bxc2 Be3+ 41. Kh2 Bf4+ 42. Kg1 Be3+ 43. Kf1 Rf2+ 44. Kg1 Re2+ 45. Kf1 Rf2+ 46. Kg1 1/2-1/2

[Event "FIDE World Rapid-ch Open 2018"]
[White "Le, Quang Liem"]
[Black "Yakubboev, Nodirbek"]
[Site "St. Petersburg"]
[Round "13.34"]
[Annotator "ChessBase"]
[Result "1-0"]
[Date "2018.12.28"]
[WhiteElo "2714"]
[BlackElo "2556"]
[PlyCount "85"]
[TimeControl "900+10"]

1. c4 e5 2. g3 Nc6 3. Bg2 f5 4. Nc3 Nf6 5. a3 g6 6. b4 Bg7 7. d3 Ne7 8. Bb2 0-0 9. e3 c6 10. c5 d5 11. cxd6 Qxd6 12. Nf3 Kh8 13. 0-0 Be6 14. Qc2 Rad8 15. Rfd1 Nd7 16. Na4 b6 17. Rac1 Rc8 18. Nd2 Qb8 19. Nc3 Bg8 20. Qb1 b5 21. Ba1 a6 22. Nb3 c5 23. Na5 Qb6 24. Rc2 Rc7 25. Rdc1 Rfc8 26. Ne2 Bd5 27. Bxd5 Nxd5 28. Qa2 Ne7 29. Nb3 Qe6 30. Qb1 c4 31. Nd2 Nb6 32. dxc4 Nxc4 33. Nxc4 Rxc4 34. Rxc4 Rxc4 35. Rd1 h6 36. Nc1 Nd5 37. Nb3 Kh7 38. Nc5 Qc6 39. Qd3 Nb6 40. Qd8 Na4 41. Bxe5 Bxe5 42. Qe7+ Bg7 43. Ne6 1-0

[Event "FIDE World Rapid-ch Open 2018"]
[White "Fedoseev, Vladimir"]
[Black "Postny, Evgeny"]
[Site "St. Petersburg"]
[Round "13.35"]
[Annotator "ChessBase"]
[Result "0-1"]
[Date "2018.12.28"]
[WhiteElo "2719"]
[BlackElo "2615"]
[PlyCount "112"]
[TimeControl "900+10"]

1. e4 e5 2. Nf3 Nc6 3. Bb5 a6 4. Ba4 Nf6 5. 0-0 Be7 6. Re1 b5 7. Bb3 d6 8. a4 b4 9. c3 0-0 10. d3 Rb8 11. Nbd2 Na5 12. Ba2 c5 13. Nc4 Nxc4 14. Bxc4 bxc3 15. bxc3 Be6 16. Bxe6 fxe6 17. Qe2 Qc8 18. Ba3 Re8 19. Rec1 Qc6 20. Qa2 Bf8 21. a5 c4 22. Qxc4 Qxc4 23. dxc4 Nxe4 24. c5 d5 25. c6 Bc5 26. Bxc5 Nxc5 27. Rcb1 Nb3 28. c7 Rb5 29. Nxe5 Rc8 30. Ra3 Nd4 31. Rd1 Nf5 32. c4 Rc5 33. Nd7 R5xc7 34. Nb6 Rd8 35. g4 Nh4 36. f4 d4 37. Kf2 Ng6 38. Kg3 e5 39. f5 Nf4 40. Kf3 d3 41. Ke3 Rd4 42. Kd2 Re4 43. Kc3 Re2 44. Kb4 e4 45. h4 d2 46. Raa1 Re1 47. Rxe1 dxe1=Q+ 48. Rxe1 Nd3+ 49. Kc3 Nxe1 50. Kd4 Re7 51. Nd5 Re8 52. Ne3 Nf3+ 53. Kd5 Re5+ 54. Kd6 Rxa5 55. c5 Nd4 56. Kd5 Nb3 {[%emt 0:0:6] Kd4} 0-1

[Event "FIDE World Rapid-ch Open 2018"]
[White "Jumabayev, Rinat"]
[Black "Jobava, Baadur"]
[Site "St. Petersburg"]
[Round "13.36"]
[Annotator "ChessBase"]
[Result "0-1"]
[Date "2018.12.28"]
[WhiteElo "2602"]
[BlackElo "2627"]
[PlyCount "124"]
[TimeControl "900+10"]

1. Nf3 d5 2. g3 c6 3. Bg2 Bf5 4. d3 h6 5. 0-0 e6 6. c4 dxc4 7. dxc4 Qxd1 8. Rxd1 Bc2 9. Rd2 Bh7 10. b3 Bb4 11. Rd1 Nf6 12. Bb2 0-0 13. Ne5 a5 14. Nc3 Na6 15. Na4 Rad8 16. Nd3 Be7 17. Bc3 b5 18. Nab2 b4 19. Be1 Ne4 20. Na4 Bf6 21. Rac1 Bg5 22. Ra1 Bf6 23. Rac1 Bg5 24. f4 Bf6 25. Ne5 c5 26. Bxe4 Bxe4 27. Bf2 Rxd1+ 28. Rxd1 Rd8 29. Rxd8+ Bxd8 30. Nxc5 Nxc5 31. Bxc5 Bb1 32. Bd6 Bxa2 33. c5 Bxb3 34. Nc6 Bf6 35. Nxa5 Bd1 36. c6 Bxe2 37. Be5 Be7 38. Kf2 Ba6 39. Ke3 f6 40. Bd4 Kf7 41. Bb6 e5 42. fxe5 fxe5 43. Nb3 Ke8 44. Nc5 Bc8 45. Ke4 Bf6 46. Ba5 Ke7 47. Kd5 b3 48. Bb4 Kf7 49. Bc3 e4 50. Bxf6 Kxf6 51. Nxe4+ Ke7 52. Nd2 b2 53. Kc5 Bf5 54. Kb6 Kd8 55. Kb7 Be4 56. Nb1 Ke7 57. Nd2 Kd8 58. Nb1 Bxb1 59. c7+ Ke7 60. c8=Q Be4+ 61. Kc7 b1=Q 62. Qd7+ Kf8 0-1

[Event "FIDE World Rapid-ch Open 2018"]
[White "Akopian, Vladimir"]
[Black "Demidov, Mikhail"]
[Site "St. Petersburg"]
[Round "13.37"]
[Annotator "ChessBase"]
[Result "1-0"]
[Date "2018.12.28"]
[WhiteElo "2650"]
[BlackElo "2520"]
[PlyCount "131"]
[TimeControl "900+10"]

1. e4 Nf6 2. e5 Nd5 3. d4 d6 4. c4 Nb6 5. exd6 exd6 6. Nc3 Be7 7. Bd3 0-0 8. Nge2 Bg5 9. Bxg5 Qxg5 10. Qd2 Qxd2+ 11. Kxd2 c6 12. b3 N8d7 13. f3 Rd8 14. g4 c5 15. d5 Ne5 16. Be4 Nbd7 17. Raf1 a6 18. g5 b5 19. f4 Ng6 20. h4 Rb8 21. Bd3 bxc4 22. bxc4 Rb2+ 23. Kc1 Rb4 24. a3 Rb3 25. Kc2 Rxa3 26. Kb2 Ra5 27. Nc1 Nde5 28. fxe5 Nxe5 29. Be2 Bd7 30. Nb3 Rb8 31. Ra1 Rxa1 32. Rxa1 Rb6 33. Na4 Bxa4 34. Rxa4 Ng6 35. h5 Nf4 36. Bg4 Nd3+ 37. Kc3 Nf2 38. Bf3 Nh3 39. g6 hxg6 40. hxg6 fxg6 41. Bg4 Ng5 42. Nd2 Kf8 43. Ra1 Nf7 44. Nf3 Ke7 45. Bc8 Rb8 46. Be6 Nd8 47. Bh3 Ra8 48. Re1+ Kf6 49. Re8 a5 50. Nd2 Kf7 51. Bd7 a4 52. Ne4 a3 53. Nxd6+ Kf6 54. Ne4+ Kf7 55. d6 g5 56. Nxc5 a2 57. Nb3 Ra3 58. Re1 Nb7 59. Kb2 Ra7 60. c5 Nxd6 61. Be6+ Ke7 62. Bg4+ Kd8 63. cxd6 Ra4 64. Rg1 g6 65. Nc5 Ra7 66. Rh1 1-0

[Event "FIDE World Rapid-ch Open 2018"]
[White "Moiseenko, Vadim"]
[Black "Dreev, Aleksey"]
[Site "St. Petersburg"]
[Round "13.38"]
[Annotator "ChessBase"]
[Result "1-0"]
[Date "2018.12.28"]
[WhiteElo "2501"]
[BlackElo "2670"]
[PlyCount "93"]
[TimeControl "900+10"]

1. e4 c6 2. d4 d5 3. e5 Bf5 4. Nf3 e6 5. Be2 c5 6. Be3 cxd4 7. Nxd4 Ne7 8. c4 Nbc6 9. Nc3 dxc4 10. Qa4 Bd3 11. 0-0-0 Qd7 12. Bxd3 cxd3 13. Ndb5 Nf5 14. Bg5 Be7 15. Bxe7 Qxe7 16. g4 Nh6 17. Nd6+ Kf8 18. Qf4 g5 19. Qg3 f5 20. h3 Nf7 21. Rhe1 Nfxe5 22. Rxe5 f4 23. Qxd3 Nxe5 24. Qb5 Ng6 25. Nxb7 a6 26. Qc6 Ne5 27. Qe4 Nf7 28. Nc5 Re8 29. b4 Kg7 30. Rd7 Qf6 31. Kc2 h5 32. Qb7 hxg4 33. N3e4 Qg6 34. hxg4 Rh2 35. Kb3 Rh3+ 36. Ka4 Rhh8 37. Nxg5 Qc2+ 38. Ka5 Qxa2+ 39. Na4 Kf6 40. Ne4+ Kg6 41. Rxf7 Qd5+ 42. Nac5 Qa2+ 43. Kb6 Ref8 44. Rg7+ Kh6 45. g5+ Kh5 46. Nf6+ Kh4 47. Qh1# 1-0

[Event "FIDE World Rapid-ch Open 2018"]
[White "Grachev, Boris"]
[Black "Zvjaginsev, Vadim"]
[Site "St. Petersburg"]
[Round "13.39"]
[Annotator "ChessBase"]
[Result "1-0"]
[Date "2018.12.28"]
[WhiteElo "2626"]
[BlackElo "2642"]
[PlyCount "93"]
[TimeControl "900+10"]

1. Nf3 Nf6 2. c4 d6 3. g3 c5 4. Bg2 Nc6 5. 0-0 g6 6. d4 cxd4 7. Nxd4 Bd7 8. Nc3 Bg7 9. Nc2 Rc8 10. b3 Qa5 11. Nb5 a6 12. Bd2 Qd8 13. Nc3 0-0 14. Rc1 Rb8 15. a4 Qb6 16. Ne3 e6 17. h3 Rbd8 18. Ng4 Nxg4 19. hxg4 Ne5 20. g5 Bc6 21. Be3 Qb4 22. Bd4 Bxg2 23. Kxg2 d5 24. cxd5 exd5 25. Rh1 Qe7 26. Qd2 f6 27. gxf6 Bxf6 28. Qe3 Nc6 29. Qxe7 Bxe7 30. Bb6 Rd7 31. Rhd1 d4 32. Ne4 Rd5 33. Bc5 Re5 34. Bxe7 Rxe7 35. f3 h5 36. b4 Rf5 37. Rc5 Kg7 38. Rc4 g5 39. Rc5 Rxc5 40. bxc5 g4 41. Kf2 Kg6 42. Rb1 Na5 43. Rb6+ Kf5 44. Rh6 gxf3 45. exf3 Nc4 46. Rxh5+ Kg6 47. Rd5 1-0

[Event "FIDE World Rapid-ch Open 2018"]
[White "Pantsulaia, Levan"]
[Black "Vishnu Prasanna. V"]
[Site "St. Petersburg"]
[Round "13.40"]
[Annotator "ChessBase"]
[Result "1-0"]
[Date "2018.12.28"]
[WhiteElo "2597"]
[BlackElo "2518"]
[PlyCount "87"]
[TimeControl "900+10"]

1. Nf3 d5 2. g3 Nf6 3. Bg2 g6 4. c4 dxc4 5. Na3 Bg7 6. Nxc4 0-0 7. 0-0 Be6 8. b3 c5 9. d4 cxd4 10. Nxd4 Bd5 11. Bb2 Bxg2 12. Kxg2 Nbd7 13. e3 Nb6 14. Rc1 Rc8 15. Ba3 Qd5+ 16. Qf3 Qxf3+ 17. Kxf3 Nxc4 18. Rxc4 Rxc4 19. bxc4 Rc8 20. c5 Nd7 21. Rc1 Ne5+ 22. Ke2 Nc6 23. Nb3 Rd8 24. Rc4 f5 25. Ra4 Kf7 26. Na5 Bc3 27. Nb3 a5 28. Bc1 Rd5 29. Rc4 Be5 30. Bd2 Bc7 31. a4 Rd8 32. h3 e5 33. Rc2 h5 34. Bc3 Ke6 35. Be1 e4 36. Rb2 Rd3 37. g4 Be5 38. Rb1 Bc3 39. gxf5+ gxf5 40. Nc1 Bxe1 41. Nxd3 exd3+ 42. Kxe1 Ne5 43. Rxb7 Kd5 44. Kd2 1-0

[Event "FIDE World Rapid-ch Open 2018"]
[White "Tari, Aryan"]
[Black "Esipenko, Andrey"]
[Site "St. Petersburg"]
[Round "13.41"]
[Annotator "ChessBase"]
[Result "1-0"]
[Date "2018.12.28"]
[WhiteElo "2620"]
[BlackElo "2593"]
[PlyCount "103"]
[TimeControl "900+10"]

1. e4 e5 2. Nf3 Nc6 3. d4 exd4 4. Nxd4 Bb4+ 5. c3 Bc5 6. Be3 Bb6 7. Nf5 Bxe3 8. Nxe3 Nf6 9. f3 0-0 10. Be2 d6 11. c4 Nd7 12. Nc3 Nc5 13. 0-0 a5 14. Qd2 Be6 15. f4 f6 16. Bf3 Qe7 17. Rad1 Qf7 18. e5 f5 19. exd6 Rad8 20. Nb5 cxd6 21. Qc3 Kh8 22. Nxd6 Qe7 23. Nb5 Nb4 24. Nd4 Ne4 25. Bxe4 fxe4 26. Nxe6 Qxe6 27. f5 Qe7 28. Rxd8 Qxd8 29. a3 Nd3 30. Nd5 b5 31. b4 axb4 32. axb4 Qd6 33. f6 gxf6 34. Nxf6 Qe5 35. Qxe5 Nxe5 36. cxb5 Rb8 37. Rf5 Nd3 38. Nxe4 Nxb4 39. Kf2 Nc2 40. Rd5 Na3 41. Nd6 Nc2 42. Rc5 Nb4 43. Rc8+ Rxc8 44. Nxc8 Kg7 45. Ke3 Kf6 46. Kd4 Ke6 47. Nb6 Nc2+ 48. Kc5 Ne3 49. Nc4 Nxg2 50. b6 Kd7 51. Ne5+ Kc8 52. Kc6 1-0

[Event "FIDE World Rapid-ch Open 2018"]
[White "Potkin, Vladimir"]
[Black "Lomasov, Semyon"]
[Site "St. Petersburg"]
[Round "13.42"]
[Annotator "ChessBase"]
[Result "0-1"]
[Date "2018.12.28"]
[WhiteElo "2597"]
[BlackElo "2553"]
[PlyCount "76"]
[TimeControl "900+10"]

1. Nf3 Nf6 2. c4 c5 3. Nc3 Nc6 4. d4 cxd4 5. Nxd4 e6 6. e4 Bb4 7. Nxc6 dxc6 8. Qxd8+ Kxd8 9. e5 Nd7 10. Bf4 Bxc3+ 11. bxc3 b6 12. 0-0-0 Kc7 13. h4 Ba6 14. Rh3 Rad8 15. Rg3 Rhg8 16. Bd3 g6 17. Bg5 Rde8 18. Re3 Rh8 19. Be2 h6 20. Bf4 Nc5 21. Rd4 Nb7 22. Bg3 c5 23. Rf4 Re7 24. h5 g5 25. Rf6 Na5 26. Ref3 Bxc4 27. Rxf7 Rxf7 28. Rxf7+ Kc6 29. Bxc4 Nxc4 30. Rxa7 Kd5 31. Rd7+ Ke4 32. f3+ Ke3 33. Re7 Ra8 34. Rxe6 Rxa2 35. Rxh6 Na3 36. Rd6 Rc2+ 37. Kd1 Rb2 38. Bf2+ Rxf2 0-1

[Event "FIDE World Rapid-ch Open 2018"]
[White "Carlsson, Pontus"]
[Black "Vallejo Pons, Francisco"]
[Site "St. Petersburg"]
[Round "13.43"]
[Annotator "ChessBase"]
[Result "1-0"]
[Date "2018.12.28"]
[WhiteElo "2463"]
[BlackElo "2695"]
[PlyCount "122"]
[TimeControl "900+10"]

1. e4 e5 2. Nf3 Nc6 3. d4 exd4 4. Nxd4 Nf6 5. Nc3 Bc5 6. Be3 Bb6 7. Nf5 0-0 8. Bxb6 axb6 9. Ne3 d6 10. f3 Nh5 11. Qd2 Be6 12. a3 Qh4+ 13. Qf2 Qf6 14. g3 b5 15. Bxb5 Nd4 16. 0-0 c6 17. Be2 Qg6 18. Rfd1 Nf4 19. Bf1 c5 20. Kh1 Nh3 21. Bxh3 Bxh3 22. Ncd5 Rae8 23. Nf4 Qh6 24. Nxh3 Qxh3 25. c3 Nb3 26. Rab1 Re6 27. Rd5 b5 28. Rbd1 c4 29. Nf5 Nc5 30. Qg2 Qxg2+ 31. Kxg2 g6 32. Nd4 Re7 33. Nxb5 Rb7 34. Nxd6 Rxb2+ 35. R1d2 Rxd2+ 36. Rxd2 Na4 37. Rd4 Nxc3 38. Rxc4 Nd1 39. Rc8 Ne3+ 40. Kf2 Rxc8 41. Nxc8 Nc4 42. a4 Kf8 43. f4 f6 44. h4 Ke8 45. g4 Kd7 46. Na7 h5 47. g5 fxg5 48. hxg5 h4 49. Nb5 Nb2 50. a5 Nd3+ 51. Kf3 h3 52. f5 Nc5 53. Nc3 gxf5 54. exf5 Nb3 55. a6 Nd4+ 56. Kf2 Kc6 57. f6 Ne6 58. f7 Kb6 59. g6 h2 60. Nd5+ Kxa6 61. Kg2 Kb5 1-0

[Event "FIDE World Rapid-ch Open 2018"]
[White "Kevlishvili, Robby"]
[Black "Inarkiev, Ernesto"]
[Site "St. Petersburg"]
[Round "13.44"]
[Annotator "ChessBase"]
[Result "0-1"]
[Date "2018.12.28"]
[WhiteElo "2451"]
[BlackElo "2693"]
[PlyCount "92"]
[TimeControl "900+10"]

1. e4 c5 2. Nf3 e6 3. d4 cxd4 4. Nxd4 Nc6 5. Nc3 Qc7 6. Qd3 a6 7. Nxc6 Qxc6 8. Qg3 b5 9. a3 Bb7 10. Bd3 Nf6 11. 0-0 h5 12. e5 Nd5 13. Nxd5 Qxd5 14. h4 Be7 15. Bg5 f6 16. Bg6+ Kd8 17. Bf4 f5 18. Rad1 Qc4 19. Rd3 Bc6 20. Rfd1 Kc7 21. Rc3 Qe2 22. Rd2 Qg4 23. Qxg4 hxg4 24. h5 b4 25. Rcd3 bxa3 26. bxa3 Rab8 27. f3 Bc5+ 28. Kh2 gxf3 29. gxf3 Rb1 30. Rc3 Bg1+ 31. Kh3 Bb6 32. Rd6 Rh1+ 33. Bh2 Bg1 34. Kg2 Rxh2+ 35. Kxg1 Re2 36. Rcxc6+ dxc6 37. Rxe6 Rd8 38. Re7+ Kb6 39. Kf1 Rxc2 40. Ke1 Rdd2 41. Bxf5 Ra2 42. Bb1 Rab2 43. Re8 Kc5 44. e6 Rh2 45. Bd3 Rh1+ 46. Bf1 Rb1+ 0-1

[Event "FIDE World Rapid-ch Open 2018"]
[White "Piorun, Kacper"]
[Black "Abdusattorov, Nodirbek"]
[Site "St. Petersburg"]
[Round "13.45"]
[Annotator "ChessBase"]
[Result "1/2-1/2"]
[Date "2018.12.28"]
[WhiteElo "2634"]
[BlackElo "2546"]
[PlyCount "100"]
[TimeControl "900+10"]

1. c4 Nf6 2. g3 c6 3. Nf3 d5 4. Bg2 Bf5 5. cxd5 cxd5 6. Qb3 Qb6 7. Qxb6 axb6 8. d3 Nc6 9. Nc3 e5 10. 0-0 h6 11. Nxd5 Nxd5 12. e4 Be6 13. exd5 Bxd5 14. Nxe5 Bxg2 15. Kxg2 Nxe5 16. Re1 Bd6 17. d4 0-0 18. dxe5 Rfe8 19. f4 f6 20. Rd1 Bc5 21. exf6 Rad8 22. Rxd8 Rxd8 23. fxg7 Rd1 24. f5 Rg1+ 25. Kf3 Bd4 26. g4 Bxg7 27. h4 Kf7 28. g5 hxg5 29. hxg5 Rf1+ 30. Ke4 Re1+ 31. Kd3 Rf1 32. f6 Bf8 33. Kc2 Bd6 34. b4 Bf4 35. Bb2 Rxa1 36. Bxa1 Bxg5 37. Kd3 b5 38. Bc3 Ke6 39. Ke4 Bh4 40. a3 Bg5 41. Bb2 Bh4 42. Kd3 Bg5 43. Ke4 Bh4 44. f7 Be7 45. Bd4 Kxf7 46. Kd5 Ke8 47. Bc5 Bg5 48. Bd4 Bc1 49. Kc5 Bxa3 50. Kxb5 Bxb4 1/2-1/2

[Event "FIDE World Rapid-ch Open 2018"]
[White "Bazeev, German"]
[Black "Smirin, Ilia"]
[Site "St. Petersburg"]
[Round "13.46"]
[Annotator "ChessBase"]
[Result "1-0"]
[Date "2018.12.28"]
[WhiteElo "2416"]
[BlackElo "2609"]
[PlyCount "123"]
[TimeControl "900+10"]

1. d4 Nf6 2. Nf3 g6 3. c4 Bg7 4. Nc3 d6 5. Bg5 h6 6. Bh4 g5 7. Bg3 Nh5 8. e3 Nd7 9. Nd2 Ndf6 10. Nd5 Nxg3 11. Nxf6+ exf6 12. hxg3 f5 13. Qc2 c5 14. dxc5 dxc5 15. Bd3 Qf6 16. 0-0-0 0-0 17. f4 Re8 18. Rhe1 Bd7 19. e4 gxf4 20. gxf4 Ba4 21. b3 fxe4 22. Nxe4 Qxf4+ 23. Qd2 Qxd2+ 24. Kxd2 Bc6 25. Nxc5 Bxg2 26. Kc2 Bf3 27. Rxe8+ Rxe8 28. Rf1 Bc6 29. b4 Re5 30. Nb3 Rg5 31. b5 Rg2+ 32. Kc1 Bd7 33. a4 Ra2 34. a5 h5 35. Bf5 Be8 36. Rd1 Bf6 37. Be4 b6 38. Bc6 Bxc6 39. bxc6 Be5 40. Rh1 Ra4 41. c5 bxa5 42. Rxh5 Bc7 43. Rd5 Rc4+ 44. Kb2 a4 45. Nd2 Rg4 46. Rd7 Be5+ 47. Kc2 a3 48. c7 Bxc7 49. Rxc7 Ra4 50. Kb1 Kf8 51. Nf3 Ke8 52. Ne5 f6 53. Nf7 Ra5 54. c6 a2+ 55. Ka1 Rd5 56. Rxa7 f5 57. Ra8+ Kxf7 58. c7 Rc5 59. c8=Q Rxc8 60. Rxc8 Kf6 61. Kxa2 Ke5 62. Kb2 1-0

[Event "FIDE World Rapid-ch Open 2018"]
[White "Sjugirov, Sanan"]
[Black "Tregubov, Pavel V."]
[Site "St. Petersburg"]
[Round "13.48"]
[Annotator "ChessBase"]
[Result "1-0"]
[Date "2018.12.28"]
[WhiteElo "2663"]
[BlackElo "2592"]
[PlyCount "75"]
[TimeControl "900+10"]

1. d4 Nf6 2. c4 e6 3. Nc3 Bb4 4. Qc2 c5 5. dxc5 0-0 6. a3 Bxc5 7. Nf3 b6 8. e4 Ng4 9. b4 Bxf2+ 10. Ke2 Bh4 11. h3 Nf2 12. Rg1 f5 13. Be3 Bb7 14. Nxh4 Nxe4 15. Nf3 Qf6 16. Rc1 d6 17. Ke1 Nd7 18. Bd3 Nxc3 19. Qxc3 e5 20. Be2 Rac8 21. Qb2 f4 22. Bf2 d5 23. cxd5 e4 24. Bd4 Rxc1+ 25. Qxc1 Qd6 26. Nd2 Rc8 27. Qb2 Qg6 28. Bg4 e3 29. Be6+ Kf8 30. Kd1 Qd3 31. Bxd7 e2+ 32. Ke1 Rc2 33. Bxg7+ Ke7 34. Qf6+ Kxd7 35. Qe6+ Kd8 36. Bf6+ Kc7 37. Qe5+ Kd7 38. Qe7+ 1-0

[Event "FIDE World Rapid-ch Open 2018"]
[White "Bocharov, Dmitry"]
[Black "Popov, Ivan"]
[Site "St. Petersburg"]
[Round "13.49"]
[Annotator "ChessBase"]
[Result "1-0"]
[Date "2018.12.28"]
[WhiteElo "2533"]
[BlackElo "2592"]
[PlyCount "123"]
[TimeControl "900+10"]

1. Nf3 d5 2. e3 Nf6 3. c4 dxc4 4. Bxc4 c5 5. 0-0 e6 6. Qe2 Nc6 7. Rd1 a6 8. a3 b5 9. Ba2 Be7 10. d4 cxd4 11. exd4 0-0 12. Nc3 b4 13. d5 bxc3 14. dxc6 Qc7 15. Qc4 Nd5 16. bxc3 a5 17. Bd2 Ba6 18. Qa4 Be2 19. Rdb1 Bxf3 20. gxf3 Bf6 21. Bxd5 exd5 22. Rb7 Qd6 23. Rd7 Qc5 24. Be3 Qxc3 25. Rc1 Qd3 26. Qd1 Qg6+ 27. Kh1 Bb2 28. Rc2 Bxa3 29. c7 Rac8 30. Rxd5 Be7 31. Rxa5 h6 32. Rd5 Qf6 33. Rd7 Rfe8 34. Qd5 Qa6 35. Qc4 Qf6 36. Qc6 Qf5 37. Kg2 Bf6 38. Rc4 h5 39. Qd5 Qg6+ 40. Kh3 Re5 41. Qd3 Rf5 42. Qe4 Kh7 43. Rc5 Rxc5 44. Bxc5 Qxe4 45. fxe4 Be5 46. Bb6 Kg6 47. Rd8 Rxc7 48. Bxc7 Bxc7 49. Rd5 f6 50. Rf5 Kh6 51. f4 Bb6 52. Kg3 Bd4 53. Rd5 Ba7 54. Kf3 Kg6 55. Rd6 Bc5 56. Rc6 Be7 57. h3 Bb4 58. Rc8 Bd2 59. Rh8 Be1 60. f5+ Kf7 61. Rxh5 Kg8 62. Kg2 1-0

[Event "FIDE World Rapid-ch Open 2018"]
[White "Melkumyan, Hrant"]
[Black "Sokolin, Leonid"]
[Site "St. Petersburg"]
[Round "13.50"]
[Annotator "ChessBase"]
[Result "1-0"]
[Date "2018.12.28"]
[WhiteElo "2670"]
[BlackElo "2508"]
[PlyCount "159"]
[TimeControl "900+10"]

1. e4 e6 2. d4 d5 3. Bd3 dxe4 4. Bxe4 Nf6 5. Bf3 Nbd7 6. Nc3 Bb4 7. Nge2 e5 8. 0-0 0-0 9. Bg5 Be7 10. Ng3 h6 11. Be3 Re8 12. Re1 Bb4 13. Qd3 c6 14. a3 Bxc3 15. bxc3 Qa5 16. Bd2 Qc7 17. h3 b6 18. Ne4 Nxe4 19. Bxe4 Bb7 20. Qg3 Kh8 21. Bf5 Rad8 22. Re4 Qd6 23. Rh4 Qf6 24. Be4 exd4 25. Bg5 Qe5 26. Bxd8 Qxg3 27. fxg3 Rxd8 28. cxd4 Nf6 29. Rf4 Rxd4 30. Bf3 Rd2 31. Re1 Rd7 32. Ra4 a6 33. c3 b5 34. Rd4 Rc7 35. Rd8+ Kh7 36. Rb8 g6 37. c4 bxc4 38. Rc1 Nd7 39. Rd8 Ne5 40. Be2 c5 41. Bxc4 Kg7 42. Rd6 a5 43. Bd5 Bc8 44. Kh2 c4 45. Rc3 Rc5 46. g4 Kf8 47. Be4 Be6 48. Rb6 Ke7 49. Kg3 Nd7 50. Ra6 Kf6 51. Kf4 g5+ 52. Ke3 Ke5 53. Bf3 Nf6 54. Kd2 Kd4 55. Rd6+ Nd5 56. Bxd5 Bxd5 57. a4 Rc7 58. Rd8 Rb7 59. Rf3 Rb2+ 60. Kc1 Re2 61. Rf5 Re5 62. Rxe5 Kxe5 63. Rh8 Bxg2 64. Rxh6 f6 65. h4 gxh4 66. Rxh4 Kf4 67. g5+ Kxg5 68. Rxc4 f5 69. Kd2 f4 70. Rc5+ Kg4 71. Rxa5 Kg3 72. Rg5+ Kf2 73. a5 Bf1 74. Rg6 f3 75. a6 Bc4 76. a7 Bd5 77. Rg8 Kf1 78. a8=Q Bxa8 79. Rxa8 f2 80. Rf8 1-0

[Event "FIDE World Rapid-ch Open 2018"]
[White "Predke, Alexandr"]
[Black "Najer, Evgeniy"]
[Site "St. Petersburg"]
[Round "13.51"]
[Annotator "ChessBase"]
[Result "1-0"]
[Date "2018.12.28"]
[WhiteElo "2622"]
[BlackElo "2670"]
[PlyCount "129"]
[TimeControl "900+10"]

1. e4 c5 2. Nc3 d6 3. Nge2 Nf6 4. g3 g6 5. Bg2 Bg7 6. 0-0 Nc6 7. d3 0-0 8. f4 Rb8 9. h3 Ne8 10. a4 f5 11. Be3 Nd4 12. Bf2 Nxe2+ 13. Qxe2 Nc7 14. exf5 gxf5 15. Rae1 e6 16. Kh2 Bd7 17. Qd2 Bc6 18. d4 Bxg2 19. Kxg2 b6 20. Nb5 Re8 21. Nxa7 Ra8 22. dxc5 dxc5 23. Qxd8 Rexd8 24. Nb5 Nxb5 25. axb5 Kf7 26. g4 Rd2 27. Kf3 Rxc2 28. Rd1 fxg4+ 29. Kxg4 Ra7 30. Rd6 Rb7 31. Bh4 Rc4 32. Kh5 Rd4 33. Rxd4 cxd4 34. Rd1 Rc7 35. b4 Rd7 36. Kg4 Rd5 37. Kf3 Rxb5 38. Be1 Rh5 39. h4 Rd5 40. Ke4 Kg6 41. Rd3 Kh5 42. Ra3 d3 43. Bd2 Bf6 44. Ra6 Rd4+ 45. Ke3 Rd6 46. b5 Bd8 47. Ke4 Bxh4 48. Ke5 Be7 49. Ra7 Bf8 50. Ra8 Be7 51. Re8 Rd5+ 52. Kxe6 Bb4 53. Kxd5 Bxd2 54. Ke4 Bc1 55. Kxd3 Bxf4 56. Re6 Kg4 57. Rxb6 h5 58. Rg6+ Kf5 59. Rg8 h4 60. Ke2 Ke4 61. b6 h3 62. Kf1 Kf3 63. Rf8 h2 64. Rxf4+ Kg3 65. Rh4 1-0

[Event "FIDE World Rapid-ch Open 2018"]
[White "Belyakov, Bogdan"]
[Black "Yudin, Sergei"]
[Site "St. Petersburg"]
[Round "13.52"]
[Annotator "ChessBase"]
[Result "0-1"]
[Date "2018.12.28"]
[WhiteElo "2459"]
[BlackElo "2507"]
[PlyCount "84"]
[TimeControl "900+10"]

1. e4 d6 2. d4 Nf6 3. Nc3 e5 4. Nf3 Nbd7 5. Bc4 Be7 6. 0-0 0-0 7. Re1 c6 8. a4 h6 9. h3 Re8 10. Bf1 exd4 11. Nxd4 Bf8 12. f4 Nc5 13. Qf3 a5 14. Kh1 Qb6 15. e5 Nfd7 16. Qg3 Kh8 17. Nf3 dxe5 18. fxe5 Nb8 19. b3 Nba6 20. Be3 Qc7 21. Qf2 b6 22. Bc4 Be6 23. Bf1 Nb4 24. Rad1 Nd5 25. Bd4 Rad8 26. Qh4 Be7 27. Qg3 Nxc3 28. Bxc3 Ne4 29. Rxe4 Rxd1 30. Re1 Red8 31. Bd3 R1xd3 32. cxd3 Rxd3 33. Bd2 Qd7 34. Qf2 Bc5 35. Be3 Bb4 36. Re2 c5 37. Qh4 Kg8 38. Kh2 Qd8 39. Bg5 hxg5 40. Nxg5 Bf5 41. Rf2 Be1 42. Qf4 Bxf2 0-1

[Event "FIDE World Rapid-ch Open 2018"]
[White "Vitiugov, Nikita"]
[Black "Vastrukhin, Oleg"]
[Site "St. Petersburg"]
[Round "13.53"]
[Annotator "ChessBase"]
[Result "1/2-1/2"]
[Date "2018.12.28"]
[WhiteElo "2719"]
[BlackElo "2413"]
[PlyCount "101"]
[TimeControl "900+10"]

1. e4 e6 2. d4 d5 3. e5 c5 4. c3 Bd7 5. Nf3 Qb6 6. a3 Nc6 7. b4 c4 8. a4 f5 9. Be2 Nh6 10. Bxh6 gxh6 11. 0-0 0-0-0 12. Na3 Rg8 13. Qd2 Be8 14. Kh1 Qc7 15. Nc2 Qg7 16. Rg1 Be7 17. a5 a6 18. Qe1 Na7 19. Ne3 Kb8 20. g3 Nb5 21. Ng2 Bh5 22. Nf4 Qf7 23. Nd2 Bxe2 24. Nxe2 f4 25. gxf4 Rxg1+ 26. Qxg1 Rg8 27. Qb1 Bh4 28. f5 Qh5 29. Nf4 Qg5 30. Qg1 Qd8 31. Qf1 Qg5 32. Qg2 exf5 33. Nf3 Qd8 34. Qh3 Bxf2 35. Ne2 Rg4 36. Rf1 Be3 37. Ng3 Qc8 38. Qh5 f4 39. Nf5 Rg5 40. Nxg5 Qxf5 41. Qxh6 f3 42. h4 f2 43. Qf6 Qg4 44. Rxf2 Qxh4+ 45. Rh2 Qxg5 46. Qf8+ Ka7 47. Qc5+ Kb8 48. Qf8+ Ka7 49. Qc5+ Kb8 50. Qf8+ Ka7 51. Qc5+ 1/2-1/2